 Dungeon Crawl Stone Soup version 0.22-a0-460-g49b1da7 (webtiles) character file.

65 DrEnzyme the Skirmisher (level 4, -1/34 HPs)
             Began as an Octopode Wanderer on June 9, 2018.
             Slain by a goblin
             ... wielding a +0 dagger
              (5 damage)
             ... on level 2 of the Dungeon.
             The game lasted 00:06:07 (1820 turns).

DrEnzyme the Skirmisher (Octopode Wanderer)         Turns: 1820, Time: 00:06:07

Health: -1/34      AC:  1    Str: 12    XL:     4   Next: 13%
Magic:  4/4        EV: 13    Int: 14    God:
Gold:   46         SH:  0    Dex: 11    Spells: 3/3 levels left

rFire    . . .     SeeInvis .   b - +0 hand crossbow
rCold    . . .     Gourm    .   (no shield)
rNeg     . . .     Faith    .   (helmet restricted)
rPois    .         Spirit   .   (no amulet)
rElec    .         Reflect  .   (no ring)
rCorr    .         Harm     .   (no ring)
MR       .....                  (no ring)
Stlth    ++........             (no ring)
HPRegen  0.11/turn              (no ring)
MPRegen  0.09/turn              (no ring)
                                (no ring)
                                (no ring)

@: no status effects
A: almost no armour, stealthy swim, amphibious, 8 rings, constrict 8, camouflage
1, gelatinous body 1
a: no special abilities


You were on level 2 of the Dungeon.
You were hungry.

You visited 1 branch of the dungeon, and saw 2 of its levels.

You collected 46 gold pieces.

Inventory:

Hand Weapons
 a - a +2 hand axe
 b - a +0 hand crossbow (weapon)
 h - a +0 hunting sling
 n - a +2 short sword of protection
Missiles
 c - 8 bolts (quivered)
 i - 17 stones
 j - 23 sling bullets
Jewellery
 q - an uncursed ring of positive energy
Scrolls
 d - a scroll of teleportation
 g - a scroll of remove curse
 k - a scroll of identify
 l - a scroll of blinking {unknown}
Potions
 e - a potion of curing {unknown}
 p - a potion of flight {unknown}
Comestibles
 f - a ration


   Skills:
 + Level 4.5 Fighting
 - Level 1.0 Axes
 + Level 3.7 Crossbows
 - Level 1.0 Throwing
 + Level 1.8 Dodging
   Level 1.1 Evocations


You had 3 spell levels left.
You didn't know any spells.
Your spell library was empty.

Dungeon Overview and Level Annotations

Branches:
Dungeon (2/15)

Altars:

Annotations:
D:1 exclusion: downstairs


Innate Abilities, Weirdness & Mutations

You cannot wear most types of armour.
You are very stealthy in the water. (Stealth+)
You are amphibious.
You can wear up to eight rings at the same time.
You can use your tentacles to constrict eight enemies at once.
Your skin changes colour to match your surroundings (Stealth+).
Your rubbery body absorbs attacks. (AC +1, EV +1)


Message History

You are feeling hungry.
The gnoll hits you but does no damage.
The gnoll hits you from afar with a spear.
Firing (i - inventory. (/) - cycle)
c - 9 bolts (quivered)
Press: ? - help, Shift-Dir - straight line, f/p - gnoll
Aim: a gnoll, wielding a spear (severely wounded)
You shoot a bolt. The bolt barely misses the gnoll.
The gnoll hits you from afar with a spear.
The gnoll completely misses you.
The gnoll hits you from afar with a spear.
* * * LOW HITPOINT WARNING * * *
There is a stone staircase leading up here.
The gnoll hits you from afar with a spear.
* * * LOW HITPOINT WARNING * * *
The gnoll closely misses you. The goblin hits you but does no damage.
The goblin hits you with a dagger.
* * * LOW HITPOINT WARNING * * *
The goblin hits you with a dagger.
You die...

#......##.#.#.....#
#.........#.#.....#### ######
#......##.#.#.......). #....#
##......####.#......### #..#.#
#...##.## #.######.<# #..#.#
#...##.#####.g....##.#
#..#.#####...)....######.##)##
#..#.....#.##(####.....#.#....
#..#####.#...@.........#.#....
#......#.####.g..####......###
#......#.# #.g..# #...g..#
####......#.# #(...# #......##
...#......#.# #....####.......#
##....#..##.# #....g..#g.......#
#####...###.# ##....#.#.######.#
####...####.#####..#.#........#.#
.....#......##.###.#..#.#####.#.#


You could see 2 gnolls and a goblin.

Vanquished Creatures
  A gnoll (D:2)
  An adder (D:2)
  2 worms (D:2)
  3 dart slugs
  3 leopard geckos (D:1)
  A giant cockroach (D:1)
  3 goblins
  6 hobgoblins
  6 bats
  A frilled lizard (D:2)
  4 kobolds
  2 rats (D:1)
33 creatures vanquished.

Notes
Turn   | Place    | Note
-------+----------+-------------------------------------------
     0 | D:1      | DrEnzyme the Octopode Wanderer began the quest for the Orb.
     0 | D:1      | DrEnzyme set off with: a +2 hand axe, a +0 hand crossbow, 21 bolts, a scroll of teleportation, a ration
     0 | D:1      | Reached XP level 1. HP: 17/17 MP: 1/1
   396 | D:1      | Reached XP level 2. HP: 22/22 MP: 2/2
   565 | D:1      | Reached skill level 1 in Dodging
  1018 | D:1      | Reached XP level 3. HP: 24/27 MP: 3/3
  1770 | D:2      | Reached XP level 4. HP: 34/34 MP: 4/4
  1820 | D:2      | Slain by a goblin

Vault maps used:
D:1:      dpeg_arrival_circle_labyrinth_c
D:2:      serial_co_window_serial, co_window_corner_a,
          co_window_of_opportunity_a, co_window_corner_a,
          co_window_of_opportunity_a, co_window_corner_a, co_window_paths_a,
          co_window_of_opportunity_b, co_window_corner_b, co_window_corner_ca,
          co_window_broadway_b, co_window_corner_b, co_window_of_opportunity_b,
          glass_columns_a, glass_columns_a

Skill      XL: |  1  2 |
---------------+-------+-----
Dodging        | 1 |  1.8
Fighting       | |  4.5
Axes           | |  1.0
Crossbows      | |  3.7
Throwing       | |  1.0
Evocations     | |  1.1

Action                   |  1- 3 |  4- 6 || total
-------------------------+-------+-------++-------
Melee: Hand axe          |     3 |       ||     3
       Tentacles         |     1 |       ||     1
 Fire: Hand crossbow     |    70 |     3 ||    73
  Use: Scroll            |     4 |       ||     4
  Eat: Chunk             |     2 |       ||     2
Armor: Skin              |     2 |       ||     2
Dodge: Dodged            |     8 |     2 ||    10

Table legend:
 A = Spawn XP
 B = Non-spawn XP
 C = Spawn XP percentage of total XP
 D = Spawn monster count
 E = Non-spawn monster count
 F = Spawn count percentage of total count
 G = Total turns spent on level
                    A         B        C        D         E        F      G
               +---------+---------+-------+---------+---------+-------+---------
         Total |       0 |      93 |   0.0 |       0 |      33 |   0.0 |  1820
               +---------+---------+-------+---------+---------+-------+---------
           D:1 |       0 |      38 |   0.0 |       0 |      19 |   0.0 |  1308
           D:2 |       0 |      55 |   0.0 |       0 |      14 |   0.0 |   512
               +---------+---------+-------+---------+---------+-------+---------
